TOP OF THE 1ST |
Havana Rollers batting - Pitching for Portland Privateers : LHP Pedro Santana
|
Pitching: LHP Pedro Santana
|
|
Batting: LHB José Torres
|
0-0: Foul Ball, location: 2F 0-1: Ball 1-1: Ball 2-1: Ball 3-1: Foul Ball, location: 2F 3-2: SINGLE (Line Drive, 34)
|
Batting: RHB Paul Bailey
|
0-0: Ball 1-0: Swinging Strike 1-1: Ball 2-1: SINGLE (Line Drive, 89S) José Torres to second Runner from 2nd tries for 3rd, SAFE, throw made to third Paul Bailey to second
|
Batting: RHB Soshu Nakamura
|
0-0: Ball 1-0: Ball 2-0: Called Strike 2-1: Called Strike 2-2: Ball 3-2: Strikes out swinging
|
Batting: SHB Chris Bennis
|
0-0: Ball 1-0: Ball 2-0: Ball 3-0: Called Strike 3-1: Fly out, F9 (Flyball, 9) Runner from 3rd tags up, SCORES, no throw
|
Batting: RHB Jack Bailey
|
0-0: Ball 1-0: Called Strike 1-1: Ball 2-1: Foul Ball, location: 2F 2-2: Foul Ball, location: 2F 2-2: Ball 3-2: SINGLE (Groundball, 13S) (infield hit) Paul Bailey to third
|
Batting: LHB Enrique Cortéz
|
0-0: Called Strike 0-1: Ball 1-1: Foul Ball, location: 2F 1-2: Ball 2-2: Fielders Choice at 2nd, 4-6 (Groundball, 4)
|
Top of the 1st over - 1 run(s), 3 hit(s), 0 error(s), 1 left on base; Havana 1 - Portland 0 |
BOTTOM OF THE 1ST |
Portland Privateers batting - Pitching for Havana Rollers : RHP Fernando Castillo
|
Pitching: RHP Fernando Castillo
|
|
Batting: RHB Santiago Zambrano
|
0-0: Called Strike 0-1: Swinging Strike 0-2: Ball 1-2: Ball 2-2: Strikes out swinging
|
Batting: RHB Carlos Castro
|
0-0: Called Strike 0-1: Fly out, F8 (Flyball, 89D)
|
Batting: RHB Troy Lau
|
0-0: Ball 1-0: Ball 2-0: Ball 3-0: Foul Ball, location: 2F 3-1: Fly out, F8 (Flyball, 89D)
|
Bottom of the 1st over - 0 run(s), 0 hit(s), 0 error(s), 0 left on base; Havana 1 - Portland 0 |
TOP OF THE 2ND |
Havana Rollers batting - Pitching for Portland Privateers : LHP Pedro Santana
|
Batting: RHB Yaichiro Sugahara
|
0-0: Ball 1-0: Ball 2-0: Ball 3-0: Called Strike 3-1: Base on Balls
|
Batting: LHB Juan Romero
|
0-0: Ball 1-0: Ball 2-0: Grounds into double play, 4-6-3 (Groundball, 4)
|
Batting: RHB Francisco Rincón
|
0-0: Called Strike 0-1: Ball 1-1: Ball 2-1: Called Strike 2-2: Strikes out swinging
|
Top of the 2nd over - 0 run(s), 0 hit(s), 0 error(s), 0 left on base; Havana 1 - Portland 0 |
BOTTOM OF THE 2ND |
Portland Privateers batting - Pitching for Havana Rollers : RHP Fernando Castillo
|
Batting: SHB Patrick Larson
|
0-0: Ball 1-0: Ground out 6-3 (Groundball, 6)
|
Batting: RHB Júlio Vélez
|
0-0: Called Strike 0-1: Fly out, F9 (Flyball, 9D)
|
Batting: LHB Jeff Dorney
|
0-0: Foul Ball, location: 2F 0-1: Ground out U3 (Groundball, 34S)
|
Bottom of the 2nd over - 0 run(s), 0 hit(s), 0 error(s), 0 left on base; Havana 1 - Portland 0 |
TOP OF THE 3RD |
Havana Rollers batting - Pitching for Portland Privateers : LHP Pedro Santana
|
Batting: LHB José Torres
|
0-0: Ball 1-0: Foul Ball, location: 2F 1-1: Ball 2-1: Foul Ball, location: 2F 2-2: Ball 3-2: Base on Balls
|
Batting: RHB Paul Bailey
|
0-0: Ball 1-0: Ball Passed Ball! José Torres to second 2-0: Ground out 5-3 (Groundball, 56)
|
Batting: RHB Soshu Nakamura
|
0-0: Ball 1-0: Called Strike 1-1: Ball 2-1: Foul Ball, location: 2F 2-2: Fly out, F8 (Flyball, 8RXD) Runner from 2nd tags up, SAFE at 3rd, no throw
|
Batting: SHB Chris Bennis
|
0-0: Called Strike 0-1: Ground out 1-3 (Groundball, 13S)
|
Top of the 3rd over - 0 run(s), 0 hit(s), 0 error(s), 1 left on base; Havana 1 - Portland 0 |
BOTTOM OF THE 3RD |
Portland Privateers batting - Pitching for Havana Rollers : RHP Fernando Castillo
|
Batting: LHB Dillon Beck
|
0-0: Ball 1-0: Called Strike 1-1: Called Strike 1-2: Strikes out swinging
|
Batting: RHB Dave Nelson
|
0-0: Called Strike 0-1: Called Strike 0-2: Fly out, F8 (Flyball, 8RM)
|
Batting: RHB José Balina
|
0-0: Ball 1-0: Ball 2-0: Foul Ball, location: 2F 2-1: Ball 3-1: Swinging Strike 3-2: Base on Balls
|
Batting: RHB Santiago Zambrano
|
0-0: Called Strike 0-1: Ball 1-1: Ball 2-1: Ball 3-1: Called Strike 3-2: Strikes out swinging
|
Bottom of the 3rd over - 0 run(s), 0 hit(s), 0 error(s), 1 left on base; Havana 1 - Portland 0 |
TOP OF THE 4TH |
Havana Rollers batting - Pitching for Portland Privateers : LHP Pedro Santana
|
Batting: RHB Jack Bailey
|
0-0: Ball 1-0: Ball 2-0: Ball 3-0: Base on Balls
|
Batting: LHB Enrique Cortéz
|
0-0: Ball 1-0: Called Strike 1-1: Foul Ball, location: 2F 1-2: Fly out, F3 (Line Drive, 3S) Lined into DP, U3 (Line Drive, 3S)
|
Batting: RHB Yaichiro Sugahara
|
0-0: Ball 1-0: Ball 2-0: Ball 3-0: Base on Balls
|
Pitching: LHP Wilbert Cooper
|
|
Batting: LHB Juan Romero
|
0-0: Ball 1-0: Ball 2-0: Swinging Strike 2-1: Fly out, F6 (Line Drive, 6)
|
Top of the 4th over - 0 run(s), 0 hit(s), 0 error(s), 1 left on base; Havana 1 - Portland 0 |
BOTTOM OF THE 4TH |
Portland Privateers batting - Pitching for Havana Rollers : RHP Fernando Castillo
|
Batting: RHB Carlos Castro
|
0-0: Fly out, F8 (Flyball, 8RS)
|
Batting: RHB Troy Lau
|
0-0: Ball 1-0: Foul Ball, location: 2F 1-1: Foul Ball, location: 2F 1-2: Ball 2-2: Foul Ball, location: 2F 2-2: Ground out 6-3 (Groundball, 6)
|
Batting: SHB Patrick Larson
|
0-0: Ball 1-0: Ball 2-0: Called Strike 2-1: Foul Ball, location: 2F 2-2: Ball 3-2: Strikes out swinging
|
Bottom of the 4th over - 0 run(s), 0 hit(s), 0 error(s), 0 left on base; Havana 1 - Portland 0 |
TOP OF THE 5TH |
Havana Rollers batting - Pitching for Portland Privateers : LHP Wilbert Cooper
|
Batting: RHB Francisco Rincón
|
0-0: Called Strike 0-1: DOUBLE (Flyball, 89XD)
|
Batting: LHB José Torres
|
0-0: Ball 1-0: Foul Ball, location: 2F 1-1: Ball 2-1: Ball 3-1: SINGLE (Groundball, 34) (infield hit) Francisco Rincón to third
|
Batting: RHB Paul Bailey
|
0-0: Ball 1-0: Ball José Torres is caught stealing 2nd base 2-0: Ball 3-0: Called Strike 3-1: Called Strike 3-2: Foul Ball, location: 2F 3-2: Strikes out swinging
|
Batting: RHB Soshu Nakamura
|
0-0: Ball 1-0: Ball 2-0: Called Strike 2-1: Ball 3-1: Base on Balls
|
Batting: SHB Chris Bennis
|
0-0: Ball 1-0: Called Strike 1-1: Called Strike 1-2: Ball 2-2: Foul Ball, location: 2F 2-2: Ball 3-2: Foul Ball, location: 2F Error on foul ball, E7 3-2: Base on Balls Soshu Nakamura to second
|
Batting: RHB Jack Bailey
|
0-0: Called Strike 0-1: Ball 1-1: Swinging Strike 1-2: Ball 2-2: SINGLE (Groundball, 56D) Francisco Rincón scores Soshu Nakamura to third Chris Bennis to second Runner from 3rd tries for Home, SAFE, no throw
|
Batting: LHB Enrique Cortéz
|
0-0: Ball 1-0: Ball 2-0: Ground out 5-3 (Groundball, 2L)
|
Top of the 5th over - 2 run(s), 3 hit(s), 1 error(s), 2 left on base; Havana 3 - Portland 0 |
BOTTOM OF THE 5TH |
Portland Privateers batting - Pitching for Havana Rollers : RHP Fernando Castillo
|
Batting: RHB Júlio Vélez
|
0-0: Fly out, F4 (Line Drive, 4M)
|
Batting: LHB Jeff Dorney
|
0-0: SINGLE (Groundball, 56S) (infield hit)
|
Batting: LHB Dillon Beck
|
0-0: 2-RUN HOME RUN (Flyball, 8LXD), Distance : 436 ft
|
Batting: RHB Dave Nelson
|
0-0: Ball 1-0: SINGLE (Groundball, 56D)
|
Batting: RHB José Balina
|
0-0: Ball 1-0: Ball 2-0: Foul Ball, location: 2F 2-1: Fly out, F6 (Popup, 4M)
|
Batting: RHB Santiago Zambrano
|
0-0: Foul Ball, location: 2F 0-1: Reached on error, E4 (Groundball, 34) Dave Nelson to second
|
Batting: RHB Carlos Castro
|
0-0: SINGLE (Groundball, 34D) Dave Nelson to third Santiago Zambrano to second Runner from 3rd tries for Home, SAFE, no throw
|
Batting: RHB Troy Lau
|
0-0: Ball 1-0: Fly out, F9 (Flyball, 9S)
|
Bottom of the 5th over - 3 run(s), 4 hit(s), 1 error(s), 2 left on base; Havana 3 - Portland 3 |
TOP OF THE 6TH |
Havana Rollers batting - Pitching for Portland Privateers : LHP Wilbert Cooper
|
Batting: RHB Yaichiro Sugahara
|
0-0: Called Strike 0-1: Foul Ball, location: 2F 0-2: Ball 1-2: Fly out, F8 (Flyball, 8LD)
|
Batting: LHB Juan Romero
|
0-0: Ball 1-0: Ground out 4-3 (Groundball, 4)
|
Batting: RHB Francisco Rincón
|
0-0: Fly out, F9 (Line Drive, 9)
|
Top of the 6th over - 0 run(s), 0 hit(s), 0 error(s), 0 left on base; Havana 3 - Portland 3 |
BOTTOM OF THE 6TH |
Portland Privateers batting - Pitching for Havana Rollers : RHP Fernando Castillo
|
Batting: SHB Patrick Larson
|
0-0: Ground out 5-3 (Groundball, 56S)
|
Batting: RHB Júlio Vélez
|
0-0: Ball 1-0: Foul Ball, location: 2F 1-1: DOUBLE (Flyball, 7LM)
|
Batting: LHB Jeff Dorney
|
0-0: Intentional Walk
|
Batting: LHB Dillon Beck
|
0-0: Ground out 4-3 (Groundball, 34D) Júlio Vélez to third Jeff Dorney to second
|
Batting: RHB Dave Nelson
|
0-0: Ball 1-0: Called Strike 1-1: Foul Ball, location: 2F 1-2: Ground out 5-3 (Groundball, 56)
|
Bottom of the 6th over - 0 run(s), 1 hit(s), 0 error(s), 2 left on base; Havana 3 - Portland 3 |
TOP OF THE 7TH |
Havana Rollers batting - Pitching for Portland Privateers : LHP Wilbert Cooper
|
Pinch Hitting: RHB Ed Sims
|
0-0: Ball 1-0: Swinging Strike 1-1: Ball 2-1: Foul Ball, location: 2F 2-2: Strikes out swinging
|
Batting: RHB Paul Bailey
|
0-0: Called Strike 0-1: Swinging Strike 0-2: Ball 1-2: Strikes out swinging
|
Batting: RHB Soshu Nakamura
|
0-0: Ball 1-0: Called Strike 1-1: Ground out 4-3 (Groundball, 4)
|
Top of the 7th over - 0 run(s), 0 hit(s), 0 error(s), 0 left on base; Havana 3 - Portland 3 |
BOTTOM OF THE 7TH |
Portland Privateers batting - Pitching for Havana Rollers : RHP Fernando Castillo
|
Now in CF: Rafael Delgado
|
|
Batting: RHB José Balina
|
0-0: Called Strike 0-1: Swinging Strike 0-2: Fly out, F8 (Flyball, 8RXD)
|
Batting: RHB Santiago Zambrano
|
0-0: Ball 1-0: Ball 2-0: SOLO HOME RUN (Line Drive, 7D), Distance : 384 ft
|
Pitching: RHP Brad Sharpe
|
|
Batting: RHB Carlos Castro
|
0-0: Ball 1-0: Foul Ball, location: 2F 1-1: Ball 2-1: Swinging Strike 2-2: Foul Ball, location: 2F 2-2: Strikes out swinging
|
Batting: RHB Troy Lau
|
0-0: Fly out, F6 (Flyball, 6MD)
|
Bottom of the 7th over - 1 run(s), 1 hit(s), 0 error(s), 0 left on base; Havana 3 - Portland 4 |
TOP OF THE 8TH |
Havana Rollers batting - Pitching for Portland Privateers : LHP Wilbert Cooper
|
Pitching: RHP Ricardo Ontiveros
|
|
Batting: SHB Chris Bennis
|
0-0: Fly out, F5 (Line Drive, 5)
|
Batting: RHB Jack Bailey
|
0-0: Foul Ball, location: 2F 0-1: Ball 1-1: Ball 2-1: Called Strike 2-2: Ball 3-2: Base on Balls
|
Pitching: LHP Alfredo González
|
|
Pinch Hitting: RHB Victor Andrews
|
0-0: Ball 1-0: Called Strike 1-1: Ball 2-1: Ball 3-1: Base on Balls Jack Bailey to second
|
Batting: RHB Yaichiro Sugahara
|
0-0: Ball 1-0: Called Strike 1-1: Called Strike 1-2: Strikes out swinging
|
Pinch Hitting: RHB Chad Case
|
0-0: Called Strike 0-1: Ball 1-1: Ball 2-1: Swinging Strike 2-2: Strikes out swinging
|
Top of the 8th over - 0 run(s), 0 hit(s), 0 error(s), 2 left on base; Havana 3 - Portland 4 |
BOTTOM OF THE 8TH |
Portland Privateers batting - Pitching for Havana Rollers : RHP Brad Sharpe
|
Now at SS: Chad Case
|
|
Now in RF: Phil Smith
|
|
Batting: SHB Patrick Larson
|
0-0: Called Strike 0-1: Foul Ball, location: 2F 0-2: Ball 1-2: Foul Ball, location: 2F 1-2: Strikes out swinging
|
Batting: RHB Júlio Vélez
|
0-0: Ball 1-0: Ball 2-0: Ball 3-0: Called Strike 3-1: Ground out 6-3 (Groundball, 6)
|
Pitching: LHP Jorge Gómez
|
|
Batting: LHB Jeff Dorney
|
0-0: Called Strike 0-1: Ball 1-1: Foul Ball, location: 2F 1-2: Foul Ball, location: 2F 1-2: DOUBLE (Line Drive, 7LS)
|
Pitching: RHP Alejandro Pérez
|
|
Batting: LHB Dillon Beck
|
0-0: Ball 1-0: Called Strike 1-1: Swinging Strike 1-2: Ball 2-2: SINGLE (Line Drive, 56D) Jeff Dorney to third Runner from 3rd tries for Home, SAFE, no throw
|
Batting: RHB Dave Nelson
|
0-0: Called Strike 0-1: Ball 1-1: Swinging Strike 1-2: Foul Ball, location: 2F 1-2: Strikes out swinging
|
Bottom of the 8th over - 1 run(s), 2 hit(s), 0 error(s), 1 left on base; Havana 3 - Portland 5 |
TOP OF THE 9TH |
Havana Rollers batting - Pitching for Portland Privateers : LHP Alfredo González
|
Pitching: LHP Luke Brown
|
|
Batting: RHB Francisco Rincón
|
0-0: Called Strike 0-1: Called Strike 0-2: SINGLE (Line Drive, 9S)
|
Batting: LHB Rafael Delgado
|
0-0: Called Strike 0-1: Ball 1-1: Ball 2-1: Swinging Strike 2-2: Fielders Choice at 2nd, 6-4 (Groundball, 6)
|
Batting: RHB Paul Bailey
|
0-0: Ball 1-0: Ball 2-0: 2-RUN HOME RUN (Flyball, 78XD), Distance : 402 ft
|
Pitching: RHP Neal Dillard
|
|
Pinch Hitting: LHB Jimmy Husted
|
0-0: Called Strike 0-1: Ground out 5-3 (Groundball, 56S)
|
Batting: SHB Chris Bennis
|
0-0: Called Strike 0-1: Swinging Strike 0-2: Ball 1-2: Foul Ball, location: 2F 1-2: Ball 2-2: Strikes out swinging
|
Top of the 9th over - 2 run(s), 2 hit(s), 0 error(s), 0 left on base; Havana 5 - Portland 5 |
BOTTOM OF THE 9TH |
Portland Privateers batting - Pitching for Havana Rollers : RHP Alejandro Pérez
|
Now at 2B: Raynard Brenner
|
|
Batting: RHB José Balina
|
0-0: Swinging Strike 0-1: Ball 1-1: Foul Ball, location: 2F 1-2: Strikes out swinging
|
Batting: RHB Santiago Zambrano
|
0-0: Called Strike 0-1: Fly out, F4 (Popup, 34D)
|
Batting: RHB Carlos Castro
|
0-0: Called Strike 0-1: Swinging Strike 0-2: Strikes out swinging
|
Bottom of the 9th over - 0 run(s), 0 hit(s), 0 error(s), 0 left on base; Havana 5 - Portland 5 |
TOP OF THE 10TH |
Havana Rollers batting - Pitching for Portland Privateers : RHP Neal Dillard
|
Batting: RHB Jack Bailey
|
0-0: Foul Ball, location: 2F 0-1: Ball 1-1: Ball 2-1: Ball 3-1: Swinging Strike 3-2: Fly out, F9 (Flyball, 9LS)
|
Batting: LHB Phil Smith
|
0-0: SINGLE (Groundball, 4MD)
|
Pinch Hitting: LHB Dave Gordon
|
0-0: Ball 1-0: Foul Ball, location: 2F 1-1: Ground out 4-3 (Groundball, 4S) Phil Smith to second
|
Batting: RHB Chad Case
|
0-0: Ball 1-0: Ball 2-0: Ground out 5-3 (Groundball, 56)
|
Top of the 10th over - 0 run(s), 1 hit(s), 0 error(s), 1 left on base; Havana 5 - Portland 5 |
BOTTOM OF THE 10TH |
Portland Privateers batting - Pitching for Havana Rollers : RHP Alejandro Pérez
|
Now at C: Dave Gordon
|
|
Batting: RHB Troy Lau
|
0-0: Called Strike 0-1: Called Strike 0-2: Ball 1-2: Strikes out swinging
|
Batting: SHB Patrick Larson
|
0-0: Swinging Strike 0-1: Ground out 5-3 (Groundball, 25)
|
Batting: RHB Júlio Vélez
|
0-0: Fly out, F9 (Flyball, 89S)
|
Bottom of the 10th over - 0 run(s), 0 hit(s), 0 error(s), 0 left on base; Havana 5 - Portland 5 |
TOP OF THE 11TH |
Havana Rollers batting - Pitching for Portland Privateers : RHP Neal Dillard
|
Batting: RHB Francisco Rincón
|
0-0: DOUBLE (Flyball, 89M)
|
Batting: LHB Rafael Delgado
|
0-0: Ball 1-0: Ball 2-0: SINGLE (Groundball, 4MD) Francisco Rincón to third Runner from 3rd tries for Home, SAFE, throw made home Rafael Delgado to second
|
Batting: RHB Paul Bailey
|
0-0: Intentional Walk
|
Batting: LHB Raynard Brenner
|
0-0: Ball 1-0: Ball 2-0: Swinging Strike 2-1: Foul Ball, location: 2F 2-2: Ball 3-2: Foul Ball, location: 2F 3-2: Foul Ball, location: 2F 3-2: Base on Balls Rafael Delgado to third Paul Bailey to second
|
Batting: SHB Chris Bennis
|
0-0: Ball 1-0: Ball Wild Pitch! Rafael Delgado scores Paul Bailey to third Raynard Brenner to second 2-0: Intentional Walk
|
Pitching: RHP José García
|
|
Batting: RHB Jack Bailey
|
0-0: Called Strike 0-1: Fly out, F4 (Popup, 4D)
|
Batting: LHB Phil Smith
|
0-0: Called Strike 0-1: Ball 1-1: Called Strike 1-2: Ball 2-2: Fly out, F4 (Line Drive, 34)
|
Batting: LHB Dave Gordon
|
0-0: Fly out, F7 (Flyball, 78D)
|
Top of the 11th over - 2 run(s), 2 hit(s), 0 error(s), 3 left on base; Havana 7 - Portland 5 |
BOTTOM OF THE 11TH |
Portland Privateers batting - Pitching for Havana Rollers : RHP Alejandro Pérez
|
Pitching: RHP Leonardo Lorenzo
|
|
Batting: LHB Jeff Dorney
|
0-0: Swinging Strike 0-1: Foul Ball, location: 2F 0-2: Strikes out looking
|
Batting: LHB Dillon Beck
|
0-0: Called Strike 0-1: Ball 1-1: Ball 2-1: Ground out 4-3 (Groundball, 4)
|
Batting: RHB Dave Nelson
|
0-0: Called Strike 0-1: Foul Ball, location: 2F 0-2: Ball 1-2: Ball 2-2: SINGLE (Flyball, 78S)
|
Batting: RHB José Balina
|
0-0: Ball 1-0: Foul Ball, location: 2F 1-1: Foul Ball, location: 2F 1-2: Foul Ball, location: 2F 1-2: Strikes out swinging
|
Bottom of the 11th over - 0 run(s), 1 hit(s), 0 error(s), 1 left on base; Havana 7 - Portland 5 |
|